 Dungeon Crawl Stone Soup version 0.17-a0-2231-gd80ca38 (webtiles) character file.

7272 Gingerlord the Martial Artist (level 11, -26/60 HPs)
             Began as a Vine Stalker Monk on Nov 1, 2015.
             Was an Elder of Nemelex Xobeh.
             Killed from afar by a deep elf knight (29 damage)
             ... with a stone arrow
             ... created by the fury of Okawaru
             ... on level 10 of the Dungeon.
             The game lasted 00:37:52 (9132 turns).

Gingerlord the Martial Artist (Vine Stalker Monk)   Turns: 9132, Time: 00:37:52

Health: -26/60     AC:  4    Str: 30    XL:     11   Next: 12%
Magic:  0/27       EV: 26    Int: 12    God:    Nemelex Xobeh [****..]
Gold:   635        SH:  0    Dex: 21    Spells: 1 memorised, 17 levels left

rFire  + . .     SeeInvis .       - Unarmed
rCold  + . .     Clarity  .     Y - +1 robe {rC+ rF+}
rNeg   . . .     SustAt   .     (no shield)
rPois  .         Gourm    .     m - +0 hat
rElec  .         Spirit   +     (no cloak)
rCorr  .         Warding  .     (no gloves)
rMut   +         Stasis   .     g - +0 pair of boots
MR     +....                    x - amulet of resist mutation
Stlth  ++........               a - ring of magical power
                                R - +4 ring of dexterity

@: mighty, phasing, immense fortitude, very slightly contaminated, somewhat
resistant to hostile enchantments, unstealthy
A: fangs 3, regeneration 2, magic shield, antimagic bite, no device heal 3, rot
immunity
a: Triple Draw, Deal Four, Renounce Religion


You were on level 10 of the Dungeon.
You worshipped Nemelex Xobeh.
Nemelex Xobeh was greatly pleased with you.
You were very hungry.

You visited 2 branches of the dungeon, and saw 11 of its levels.
You also visited: Sewer.

You collected 635 gold pieces.

Inventory:

Missiles
 i - 12 bolts of penetration
 j - 120 bolts
Armour
 g - a +0 pair of boots (worn)
 m - a +0 hat (worn)
 Y - a +1 robe of resistance (worn)
Jewellery
 a - a ring of magical power (right hand)
 x - an amulet of resist mutation (around neck)
 R - a +4 ring of dexterity (left hand)
Wands
 k - a wand of confusion (5)
 v - a wand of heal wounds (4)
 F - a wand of hasting (4)
 J - a wand of fireball (6)
 T - a wand of disintegration (9)
Scrolls
 c - 3 scrolls of remove curse
 f - 2 scrolls of amnesia
 r - a scroll of recharging
 t - 2 scrolls of blinking
 u - a scroll of fog
 w - a scroll of teleportation
 y - 2 scrolls of enchant weapon
 D - a scroll of holy word
 N - a scroll of identify
Potions
 e - a potion of brilliance {unknown}
 h - 5 potions of flight
 l - a potion of resistance {unknown}
 n - 3 potions of curing
 p - a potion of agility
 s - 5 potions of magic
 A - 2 potions of might
 H - 2 potions of lignification
 K - a potion of poison {unknown}
 M - a potion of ambrosia {unknown}
 Q - a potion of beneficial mutation {unknown}
 S - a potion of cancellation {unknown}
 V - a potion of haste
Books
 O - a book of Transfigurations

   Spells                             Type                      Level
   a - Stoneskin                      Transmutation/Earth          2
   b - Irradiate                      Conjuration/Transmutation    5
   c - Statue Form                    Transmutation/Earth          6
   d - Hydra Form                     Transmutation                6
   e - Dragon Form                    Transmutation                7
Miscellaneous
 o - a plain deck of escape
 q - a legendary deck of destruction {drawn: 1}
 E - a plain deck of war
 G - a plain deck of war
 L - an ornate deck of destruction
 P - a plain deck of destruction {drawn: 1}
Comestibles
 b - 7 bread rations
 d - 5 meat rations
 z - 2 slices of pizza
 B - 4 royal jellies
 I - 7 fruits
 U - 2 beef jerkies


   Skills:
 * Level 7.9 Fighting
 - Level 3.3 Armour
 * Level 7.2 Dodging
 - Level 2.4 Stealth
 + Level 8.8 Unarmed Combat
 * Level 4.5 Spellcasting
 * Level 2.8 Transmutations
 + Level 5.6 Evocations


You had 17 spell levels left.
You knew the following spells:

 Your Spells              Type           Power        Failure   Level  Hunger
a - Stoneskin             Trmt/Erth      #.......     17%         2    ##.....


Dungeon Overview and Level Annotations

Branches:
Dungeon (10/15)            Temple (1/1) D:4
   Lair: D:8-11         Orc: D:9-12

Altars:
Ashenzari
Cheibriados
Dithmenos
Elyvilon
Fedhas
Gozag
Kikubaaqudgha
Makhleb
Nemelex Xobeh
Okawaru
Qazlal
Ru
Sif Muna
Trog
Vehumet
Xom
Yredelemnul
Zin
The Shining One

Shops:
D:8 =

Annotations:
D:10 Maud


Innate Abilities, Weirdness & Mutations

You have razor-sharp teeth.
You heal very quickly.
When hurt, damage is shared between your health and your magic reserves.
Your bite disrupts and absorbs the magic of your enemies.
Potions and wands cannot restore your health.
You are immune to rotting.


Message History

The bolt of lightning hits you!
* * * LOW HITPOINT WARNING * * *
The deep elf knight closely misses you. Maud completely misses you.
You closely miss the deep elf fighter. You bite the deep elf fighter!
The deep elf fighter's magic leaks into the air.
You drain its magic.
You feel invigorated.
The deep elf fighter is moderately wounded.
The deep elf fighter casts a spell.
The deep elf fighter flickers and vanishes!
Deactivating autopickup; reactivate with Ctrl-A.
The deep elf fighter hits you. The cyclops completely misses you.
The tengu warrior hits you with a battleaxe!
* * * LOW HITPOINT WARNING * * *
The tengu warrior pecks you!
* * * LOW HITPOINT WARNING * * *
The tengu warrior claws you.
The deep elf knight casts a spell at you.
The stone arrow hits you!
You die...
Your body glows with a rainbow of weird colours and disappears.

..##..#####...##......## ..#..
####)..##.##..###......####......
##.††..........##.....#.#.#......
.......#......###............#...
.......##.#...#........÷......##.
......####.......................
..#.##.#.#......e........##......
..........<...{ee................
...............C@e...............
...............@.Q...............
.......................>.....)...
.................................
.................................
............>(...................
...##...#..#.(.........#......#..
..####.......(.(......#........#.
.#.##......#.###...?.......#.....


You could see Maud, a tengu warrior, a deep elf knight, a cyclops, a deep elf
conjurer and 2 deep elf fighters.

Vanquished Creatures
  A centaur zombie (D:10)
  Grinder (D:5)
  Sigmund (D:3)
  A trapdoor spider (D:9)
  4 yaks (D:9)
  2 hippogriffs
  3 hungry ghosts
  A mottled dragon (D:8)
  A water moccasin (D:8)
  A sky beast (D:9)
  3 phantoms
  4 ogres
  An ice beast (D:6)
  2 orc warriors
  2 black bears
  3 centaurs
  4 big kobolds
  10 giant frogs
  A gnoll sergeant (D:8)
  3 scorpions
  5 killer bees (D:9)
  4 spriggan skeletons (D:9)
  4 crimson imps
  10 hounds
  3 orc priests
  2 centaur skeletons
  9 orc wizards
  8 iguanas
  Natasha (thrice) (D:3 D:4)
  8 worker ants
  A sheep (D:10)
  2 hound zombies
  A worker ant zombie (D:7)
  6 gnolls
  18 adders
  2 river rats
  2 shadow imps
  3 oozes
  2 adder skeletons (D:4)
  An adder zombie (D:9)
  10 worms
  7 giant geckos
  43 orcs
  8 ball pythons
  6 giant cockroaches
  11 hobgoblins
  22 kobolds
  2 quokkas
  10 bats
  A giant cockroach zombie (D:6)
  2 giant gecko skeletons
  A giant gecko zombie (D:5)
  5 giant newts
  14 goblins
  7 jackals
  A quokka skeleton (D:4)
  A quokka zombie (D:7)
  12 rats
306 creatures vanquished.

Vanquished Creatures (collateral kills)
  Joseph (D:8)
  A killer bee (D:9)
  A quokka (D:9)
3 creatures vanquished.

Grand Total: 309 creatures vanquished

Notes
Turn   | Place    | Note
--------------------------------------------------------------
     0 | D:1      | Gingerlord the Vine Stalker Monk began the quest for the Orb.
     0 | D:1      | Reached XP level 1. HP: 11/11 MP: 2/2
   123 | D:1      | Reached XP level 2. HP: 14/16 MP: 3/3
   351 | D:1      | Reached XP level 3. HP: 18/20 MP: 4/4
   915 | D:2      | Reached XP level 4. HP: 13/24 MP: 2/5
  1380 | D:3      | Noticed Natasha
  1392 | D:3      | HP: 1/24 [Natasha (8)]
  1394 | D:3      | Killed Natasha
  1394 | D:3      | Reached skill level 1 in Armour
  1490 | D:3      | Reached XP level 5. HP: 23/28 MP: 6/6
  1551 | D:3      | Found a glowing drain.
  1555 | Sewer    | Entered a sewer
  1684 | Sewer    | Gained mutation: You heal very quickly. [Vine Stalker growth]
  1684 | Sewer    | Reached XP level 6. HP: 4/33 MP: 7/7
  1829 | Sewer    | Reached skill level 5 in Unarmed Combat
  2152 | D:3      | Reached XP level 7. HP: 16/37 MP: 5/8
  2325 | D:3      | Noticed Sigmund
  2508 | D:3      | Killed Sigmund
  2559 | D:3      | Found a shadowy altar of Dithmenos.
  2645 | D:3      | Noticed Natasha
  2661 | D:3      | Killed Natasha
  2665 | D:3      | Noticed Natasha
  2689 | D:4      | Killed Natasha
  3003 | D:4      | Found an opulent altar of Gozag.
  3100 | D:4      | Reached skill level 6 in Unarmed Combat
  3100 | D:4      | Gained mutation: You have razor-sharp teeth. [Vine Stalker growth]
  3100 | D:4      | Reached XP level 8. HP: 37/42 MP: 7/9
  3304 | D:4      | Found a staircase to the Ecumenical Temple.
  3341 | D:4      | Reached skill level 5 in Fighting
  3350 | Temple   | Entered the Ecumenical Temple
  3588 | Temple   | Became a worshipper of Nemelex Xobeh the Trickster
  3588 | Temple   | Received a gift from Nemelex Xobeh
  3588 | Temple   | Reached * piety under Nemelex Xobeh
  3588 | Temple   | Received a gift from Nemelex Xobeh
  3588 | Temple   | Received a gift from Nemelex Xobeh
  3588 | Temple   | Reached ** piety under Nemelex Xobeh
  3816 | D:5      | Entered Level 5 of the Dungeon
  3820 | D:5      | Found a burning altar of Makhleb.
  3904 | D:5      | Reached skill level 1 in Evocations
  3960 | D:5      | Received a gift from Nemelex Xobeh
  4062 | D:5      | Noticed Grinder
  4064 | D:5      | Paralysed by Grinder for 3 turns
  4071 | D:5      | Killed Grinder
  4121 | D:5      | Found a radiant altar of Vehumet.
  4141 | D:5      | Reached skill level 5 in Dodging
  4596 | D:5      | Found an iron altar of Okawaru.
  4793 | D:6      | Received a gift from Nemelex Xobeh
  4994 | D:6      | Reached XP level 9. HP: 20/48 MP: 7/11
  5064 | D:6      | Found a glowing silver altar of Zin.
  5128 | D:6      | Reached skill level 7 in Unarmed Combat
  5164 | D:6      | Reached *** piety under Nemelex Xobeh
  5313 | D:6      | Found a basalt altar of Yredelemnul.
  5314 | D:6      | Found a white marble altar of Elyvilon.
  5385 | D:6      | Found a shimmering altar of Xom.
  5487 | D:7      | Received a gift from Nemelex Xobeh
  6274 | D:8      | Found Egyfej's Jewellery Shoppe.
  6612 | D:8      | Received a gift from Nemelex Xobeh
  6648 | D:8      | Reached skill level 8 in Unarmed Combat
  6648 | D:8      | Reached skill level 1 in Spellcasting
  6689 | D:8      | Reached XP level 10. HP: 38/53 MP: 14/14
  6775 | D:8      | Noticed Joseph
  6783 | D:8      | Killed Joseph
  7155 | D:8      | Found a snail-covered altar of Cheibriados.
  7394 | D:9      | Reached skill level 5 in Evocations
  7516 | D:9      | Found a sacrificial altar of Ru.
  7535 | D:9      | Reached **** piety under Nemelex Xobeh
  7839 | D:9      | Received a gift from Nemelex Xobeh
  8025 | D:9      | Learned a level 2 spell: Stoneskin
  8223 | D:9      | Reached skill level 1 in Transmutations
  8661 | D:10     | Entered Level 10 of the Dungeon
  8873 | D:10     | Received a gift from Nemelex Xobeh
  8892 | D:10     | Reached XP level 11. HP: 56/59 MP: 18/18
  9093 | D:10     | Noticed Maud
  9128 | D:10     | Noticed a deep elf knight
  9128 | D:10     | Noticed a deep elf conjurer
  9128 | D:10     | Noticed a tengu warrior
  9132 | D:10     | HP: 3/60 [tengu warrior/battleaxe[the fury of Okawaru] (3)]
  9132 | D:10     | Killed from afar by a deep elf knight

Vault maps used:
D:1:      lightli_arrival_maybe_door_vault, minmay_vboxes
D:3:      nicolae_overflow_crystal_walls, gup_sewer_entry_spiral, minmay_cupped,
          uniq_sigmund, uniq_natasha
D:4:      kennysheep_mini_moat, minmay_temple_entry_grid
D:5:      kennysheep_little_box, overflow_temple_1_default,
          okawaru_altar_gauntlet_db, first_bread, uniq_grinder
D:6:      zin_treasury, nicolae_overflow_hidden_temple
D:8:      lemuel_coloured_pillars_altar, serial_shops, shop_fountains,
          uniq_joseph
D:9:      lemuel_doored_altar, hangedman_tell_no_tales, minmay_misc_feat_roman
D:10:     david_orc_4, kennysheep_generic_room_15, uniq_maud
Temple:   jpeg_temple_alley_garden_8
Sewer:    sewer_co_15_rooms

Action                   |  1- 3 |  4- 6 |  7- 9 | 10-12 || total
-------------------------+-------+-------+-------+-------++-------
Melee: Unarmed           |   108 |   200 |   507 |   368 ||  1183
Invok: Deal Four         |       |       |       |     1 ||     1
Evoke: Deck              |       |       |     5 |    10 ||    15
  Use: Scroll            |       |     4 |     8 |     7 ||    19
       Potion            |       |     3 |     4 |     4 ||    11
 Stab: Sleeping          |     6 |     6 |    15 |     5 ||    32
  Eat: Chunk             |       |     3 |     5 |     5 ||    13
       Pizza             |       |     1 |     1 |       ||     2
       Meat ration       |       |       |     2 |       ||     2
       Bread ration      |       |       |       |     1 ||     1
